 Dungeon Crawl Stone Soup version 0.32-a0-576-g706899e69d (console) character file.

Game seed: 13955446876892067609

8918 petzl the Conjurer (level 11, 0/79 HPs)
             Began as a Formicid Delver on Mar 1, 2024.
             Was a Believer of Vehumet.
             Succumbed to Sonja's poison
             ... on level 1 of the Orcish Mines.
             The game lasted 01:19:53 (14752 turns).

petzl the Conjurer (Formicid Delver)               Turns: 14752, Time: 01:19:54

Health: 0/79       AC:  7    Str: 18 (21) XL:     11   Next: 64%
Magic:  21/21      EV: 14    Int: 11 (14) God:    Vehumet [**....]
Gold:   234        SH:  5    Dex: 19 (21) Spells: 4/23 levels left

rFire   + . .        a - +7 whip "Beetlebane" {flame, rF+ Str+4}
rCold   . . .        N - orb {*channel}
rNeg    . . .        K - +0 steam dragon scales
rPois   +            (helmet unavailable)
rElec   .            E - +0 cloak
rCorr   .            r - +0 pair of gloves
SInv    +            (no boots)
Will    +....        i - amulet of reflection
Stlth   +++          O - ring of poison resistance
HPRegen 0.33/turn    H - +6 ring of dexterity
MPRegen 0.17/turn

%: reflection, channel magic (20%)
@: lethally poisoned (0 -> -7), very slightly contaminated
A: permanent stasis, dig shafts and tunnels, antennae 3, four strong arms
a: Dig, Shaft Self, Renounce Religion


You were on level 1 of the Orcish Mines.
You worshipped Vehumet.
Vehumet was pleased with you.
You visited 4 branches of the dungeon, and saw 15 of its levels.

You collected 842 gold pieces.
You spent 608 gold pieces at shops.

Inventory:

Hand Weapons
 a - the +7 whip "Beetlebane" (weapon) {flame, rF+ Str+4}
   (You found it on level 9 of the Dungeon)

   Str+4:     It affects your strength (+4).
   rF+:       It protects you from fire.
 b - a +1 orcbow of draining
 c - a +1 dagger of venom {!f =f}
 d - a +2 sling of draining
 e - a +2 quarterstaff of chaos
 D - a +2 flail of holy wrath
 F - a +0 hammer of protection
 J - a +1 short sword of freezing
 M - a +3 trident of draining
Missiles
 n - 19 poisoned darts
 o - 5 javelins (quivered)
Armour
 k - a +0 leather armour
 p - a +0 buckler
 r - a +0 pair of gloves (worn)
 x - the +0 kite shield of the Invisible Hand {rElec rPois rF- Str+3}
   (You found it on level 3 of the Dungeon)

   Str+3:     It affects your strength (+3).
   rF-:       It makes you vulnerable to fire.
   rElec:     It insulates you from electricity.
   rPois:     It protects you from poison.
 E - a +0 cloak (worn)
 I - a +2 kite shield
 K - +0 steam dragon scales (worn)
 N - an orb of energy (worn)
Jewellery
 i - an amulet of reflection (around neck)
 A - a ring of positive energy
 H - a +6 ring of dexterity (right hand)
 O - a ring of poison resistance (left hand)
Wands
 f - a wand of digging (3)
 j - a wand of quicksilver (2)
 m - a wand of flame (20)
 B - a wand of roots (17)
Scrolls
 g - a scroll of enchant armour
 l - 2 scrolls of fear
 q - 4 scrolls of identify
 t - 3 scrolls of fog
 u - 4 scrolls of torment
 v - 3 scrolls of poison
 w - 2 scrolls of amnesia
 y - a scroll of vulnerability
 C - a scroll of silence
 L - 2 scrolls of revelation
Potions
 h - a potion of haste
 s - a potion of magic
 z - 2 potions of enlightenment


   Skills:
 * Level 5.0 Fighting
 - Level 2.6(3.0) Axes
 - Level 2.0(2.6) Maces & Flails
 - Level 4.7 Ranged Weapons
 - Level 3.0 Armour
 - Level 3.9 Dodging
 - Level 6.0 Stealth
 - Level 6.1 Shields
 + Level 6.8 Spellcasting
 + Level 7.0 Conjurations
 * Level 4.8 Translocations
 - Level 2.9 Fire Magic
 + Level 3.9 Air Magic
 + Level 5.0 Earth Magic
 - Level 5.0 Alchemy
 - Level 2.0 Evocations


You had 4 spell levels left.
You knew the following spells:

 Your Spells              Type           Power      Damage    Failure   Level
a - Stone Arrow           Conj/Erth      34%        3d9       14%         3
b - Iskenderun's Mystic   Conj/Tloc      16%        2d5       34%         4
c - Plasma Beam           Fire/Air       5%         2x1d16    100%        6
m - Mephitic Cloud        Conj/Alch/Air  15%        N/A       17%         3
A - Ozocubu's Armour      Ice            3%         N/A       69%         3

Your spell library contained the following spells:

 Spells                   Type           Power      Damage    Failure   Level
 Searing Ray              Conj           38%        2d5       7%          2
 Foxfire                  Conj/Fire      56%        2x1d6     9%          1
 Momentum Strike          Conj/Tloc      32%        3d8       9%          2
 Apportation              Tloc           28%        N/A       10%         1
 Static Discharge         Conj/Air       30%        3-5/arc   10%         2
 Lesser Beckoning         Tloc           28%        N/A       12%         2
 Jinxbite                 Hex            6%         N/A       47%         2
 Animate Armour           Summ/Erth      18%        N/A       75%         4
 Alistair's Intoxication  Alch           9%         N/A       75%         5
 Summon Forest            Summ/Tloc      4%         N/A       96%         5
 Starburst                Conj/Fire      7%         6d4       99%         6
 Metabolic Englaciation   Hex/Ice        1%         N/A       100%        5
 Summon Mana Viper        Hex/Summ       3%         N/A       100%        5
 Sculpt Simulacrum        Ice/Alch       4%         N/A       100%        6
 Summon Cactus Giant      Summ           1%         N/A       100%        6
 Lehudib's Crystal Spear  Conj/Erth      8%         10d4      100%        8
 Blink                    Tloc           Unusable   N/A       N/A         2

Dungeon Overview and Level Annotations

Branches:
Dungeon (11/15)            Temple (1/1) D:6            Lair (1/5) D:9
    Orc (2/2) D:9
    Elf: Orc:2

Altars:
Ashenzari
Cheibriados
Dithmenos
Elyvilon
Fedhas
Gozag
Hepliaklqana
Kikubaaqudgha
Makhleb
Nemelex Xobeh
Okawaru
Qazlal
Ru
Sif Muna
Trog
Uskayaw
Vehumet
Wu Jian
Xom
Yredelemnul
Zin
The Shining One

Shops:
D:1 *   D:8 ::   D:10 *

Annotations:
D:4 Grinder
D:10 exclusion: obsidian statue
Orc:1 Sonja


Innate Abilities, Weirdness & Mutations

You cannot be hasted, slowed, berserked, paralysed or teleported.
You can dig through walls and to a lower floor.
You have a pair of large antennae on your head. (SInv)
Your four strong arms can wield two-handed weapons with a shield.


Message History

Sonja casts a spell.
Sonja blinks!
Unknown command.
Unknown command.
Unknown command.
It was a potion of degeneration.
There was something very wrong with that liquid.
You feel weakened.
You feel dopey.
You feel clumsy.
* * * LOW HITPOINT WARNING * * *
You feel sick.
Sonja casts a spell.
Sonja blinks!
The orc warrior susurrates, "Damn and blast!"
Okay, then.
Okay, then.
Unknown command.
Unknown command.
Unknown command.
Unknown command.
Unknown command.
Unknown command.
Unknown command.
Unknown command.
Unknown command.
Unknown command.
Unknown command.
Unknown command.
Unknown command.
Unknown command.
Unknown command.
Unknown command.
Unknown command.
Unknown command.
Unknown command.
Unknown command.
Okay, then.
Okay, then.
Unknown command.
Unknown command.
You die...

**,** *^,,,,,,,,
****,,,****,,,,,,,,,
****,*,,,,,*,,,,*,,,,,,
**,*,,*,,,,,,,,,**,,,,,*
**,,,,,,,,,,,,,*****,,,**
*,,,,,,,,,,,,,,,* *****
**,,,,,,,*,,,,,,*
**,,,,,,,,*,,,,,,*
*,,,,,,*****,,,,,*
**,,,.$..*#.....,*
****,...#.....*,* *****
*,#.......###***,*,***
***.........* *,,,,,,*
##§.....#** **,,,,,,
##.....$#* ***,,,,,*
##......##****,,,,,,,,
#....)..§#..#,,,,,,,,,
###☼.☼).°.....#*,,,,,,,,
**#...°.@§).......,,,,,*,,
##.#..°.°.##...o...,,,,**,,
#.........###o.....,,,,***,
##..#......###...o.,,,,*,*,
##*##......#,..K#.,,,,,,,,
#...........o.#,,,,,,,,
##...........##**,,,,,,
###........#* **,,,,,,
*#......### *,,,,,,*
*...##.## ***,,,,,,*
*#.##*## **,,,,,,,,, *..,*
*,,,,,,,,,, **,**
**,,,,,,*,,, ***
**,,,,,,,*,,, *,,,,,,****,,
*,,,,,,***,,, ###
**,,,,,,,,,,, ##.##
**,,,,,,,*,, #...#
**,,,,,,,,,


You could see an orc warrior (confused, fleeing).

Vanquished Creatures
  Maurice (D:8)
  2 gargoyles
  Jeremiah (D:9)
  2 trolls (D:11)
  2 wyverns
  A basilisk (shapeshifter) (D:8)
  13 yaks
  4 steam dragons
  Menkaure (D:7)
  7 water moccasins
  4 orc warriors
  2 black bears
  An ogre (D:5)
  2 sky beasts
  5 centaurs
  5 gnoll sergeants
  4 bullfrogs
  3 wights (D:8)
  2 bombardier beetles (D:5)
  2 hounds
  2 jellies
  4 gnoll boudas
  9 orc priests
  Crazy Yiuf (D:5)
  A sleepcap (D:5)
  Natasha (thrice) (D:3)
  Terence (D:3)
  9 iguanas
  9 orc wizards
  32 gnolls
  12 adders
  3 white imps
  3 ribbon worms
  4 dart slugs
  40 orcs
  9 bats
  5 endoplasms
  A giant cockroach (D:4)
  10 goblins
  8 hobgoblins
  2 jackals (D:1)
  8 kobolds
  2 quokkas
  8 ball pythons
  A frilled lizard (D:1)
  7 rats
258 creatures vanquished.

Vanquished Creatures (others)
  A kobold brigand (D:9)
  A howler monkey (D:9)
2 creatures vanquished.

Grand Total: 260 creatures vanquished

Notes
Turn   | Place    | Note
-------+----------+-------------------------------------------
     0 | D:5      | petzl the Formicid Delver began the quest for the Orb.
     0 | D:5      | Reached XP level 1. HP: 18/18 MP: 1/1
     1 | D:6      | Noticed a jelly
    14 | D:5      | Noticed an iguana
   108 | D:5      | Noticed an iguana
   108 | D:5      | Noticed an iguana
   116 | D:4      | Reached skill level 1 in Spellcasting
   116 | D:4      | Reached XP level 2. HP: 22/24 MP: 1/4
   177 | D:4      | Reached XP level 3. HP: 29/29 MP: 6/6
   522 | D:1      | Reached skill level 1 in Ranged Weapons
   527 | D:1      | Reached XP level 4. HP: 31/35 MP: 7/7
   813 | D:1      | Found Zodeurof's General Store.
   826 | D:1      | Bought a scroll of identify for 20 gold pieces
  1319 | D:2      | Reached skill level 1 in Evocations
  2221 | D:3      | Reached XP level 5. HP: 36/41 MP: 8/8
  2240 | D:3      | Learned a level 3 spell: Stone Arrow
  2267 | D:3      | Noticed Natasha
  2291 | D:3      | Killed Natasha
  2331 | D:3      | Noticed Terence
  2354 | D:3      | You fall into a shaft and drop 2 floors!
  2500 | D:5      | Reached skill level 1 in Armour
  2527 | D:5      | Noticed a black bear
  2556 | D:5      | Noticed a water moccasin
  2584 | D:5      | Reached skill level 1 in Earth Magic
  2584 | D:5      | Reached XP level 6. HP: 27/48 MP: 10/10
  2669 | D:4      | Found an ornate altar of the Wu Jian Council.
  2792 | D:4      | Noticed Grinder
  2918 | D:3      | Noticed Natasha
  2932 | D:3      | Killed Natasha
  3008 | D:3      | Killed Terence
  3009 | D:3      | Reached skill level 1 in Conjurations
  3181 | D:3      | Found a blossoming altar of Fedhas.
  3185 | D:3      | Found a broken altar of Ashenzari.
  3185 | D:3      | Found a white marble altar of Elyvilon.
  3187 | D:3      | Found a shimmering blue altar of Sif Muna.
  3188 | D:3      | Found a basalt altar of Yredelemnul.
  3254 | D:3      | Noticed Natasha
  3270 | D:3      | Killed Natasha
  3577 | D:3      | Identified the +0 kite shield of the Invisible Hand {rElec
                  | rPois rF- Str+3}
  3786 | D:3      | Reached skill level 1 in Axes
  3786 | D:3      | Reached XP level 7. HP: 29/53 MP: 11/11
  4435 | D:5      | Reached skill level 1 in Shields
  4738 | D:5      | Found a snail-covered altar of Cheibriados.
  4759 | D:5      | Reached skill level 2 in Conjurations
  4909 | D:6      | Reached XP level 8. HP: 60/60 MP: 12/12
  5472 | D:6      | Found a staircase to the Ecumenical Temple.
  5477 | Temple   | Entered the Ecumenical Temple
  5504 | Temple   | Became a worshipper of Vehumet
  5764 | D:6      | Identified a scroll of acquirement
  5765 | D:6      | Acquired a book of Fire
  5774 | D:6      | Learned a level 6 spell: Plasma Beam
  5989 | D:5      | Found a hide-covered altar of Uskayaw.
  6341 | D:5      | Reached skill level 3 in Conjurations
  6510 | D:5      | Reached XP level 9. HP: 56/65 MP: 14/14
  6872 | D:5      | Found a runed translucent door.
  6873 | D:5      | Noticed Crazy Yiuf
  6897 | D:5      | Killed Crazy Yiuf
  7086 | D:7      | Noticed Menkaure
  7136 | D:6      | Reached skill level 1 in Fire Magic
  7284 | D:7      | Reached * piety under Vehumet
  7284 | D:7      | Offered knowledge of Kiss of Death by Vehumet.
  7330 | D:7      | You fall into a shaft and drop 1 floor!
  7502 | D:8      | Reached skill level 1 in Air Magic
  7692 | D:9      | Noticed Maurice
  8031 | D:8      | Reached skill level 5 in Shields
  8167 | D:8      | Reached skill level 5 in Earth Magic
  8296 | D:8      | Found Woetav's Self-Published Books.
  8303 | D:8      | Bought the Volume of Scholastic Tactics for 288 gold pieces
  8308 | D:8      | Learned a level 4 spell: Iskenderun's Mystic Blast
  8312 | D:8      | Learned a level 3 spell: Mephitic Cloud
  8396 | D:8      | Found Bouwui's Tiny Tomes.
  8434 | D:8      | Reached skill level 4 in Conjurations
  8776 | D:8      | Reached XP level 10. HP: 51/70 MP: 16/16
  9272 | D:7      | Reached skill level 5 in Spellcasting
  9516 | D:7      | Killed Menkaure
  9517 | D:7      | Reached skill level 1 in Alchemy
  9776 | D:8      | Reached skill level 5 in Conjurations
  9776 | D:8      | Reached skill level 1 in Translocations
 10141 | D:8      | Reached ** piety under Vehumet
 10141 | D:8      | Offered knowledge of Sting by Vehumet.
 11121 | D:8      | You fall into a shaft and drop 1 floor!
 11288 | D:9      | Found a glowing golden altar of the Shining One.
 11307 | D:10     | Entered Level 10 of the Dungeon
 11389 | D:10     | Found a sparkling altar of Nemelex Xobeh.
 11995 | D:9      | Found a staircase to the Lair.
 12049 | D:9      | Identified the +7 whip "Beetlebane" {flame, rF+ Str+4}
 12173 | D:9      | Noticed Jeremiah
 12259 | D:8      | Killed Maurice
 12438 | D:8      | Reached XP level 11. HP: 33/77 MP: 14/20
 12647 | D:8      | Reached skill level 6 in Conjurations
 12998 | D:9      | Killed Jeremiah
 13046 | D:9      | Found a staircase to the Orcish Mines.
 13745 | D:10     | Learned a level 3 spell: Ozocubu's Armour
 13821 | D:11     | Reached skill level 5 in Alchemy
 14160 | D:10     | Found a hazy altar of Hepliaklqana.
 14201 | D:10     | Found Qafer's Serpentskin Sales.
 14213 | D:10     | Reached skill level 5 in Fighting
 14227 | D:10     | Reached skill level 7 in Conjurations
 14235 | D:10     | Bought a ring of poison resistance for 300 gold pieces
 14330 | D:10     | Noticed an obsidian statue
 14429 | D:10     | Offered knowledge of Searing Ray by Vehumet.
 14524 | Lair:1   | Entered Level 1 of the Lair of Beasts
 14679 | Orc:1    | Entered Level 1 of the Orcish Mines
 14702 | Orc:2    | Entered Level 2 of the Orcish Mines
 14734 | Orc:1    | Noticed Sonja
 14751 | Orc:1    | HP: 2/79 [poisoned by Sonja]
 14752 | Orc:1    | Succumbed to Sonja's poison

Illustrated notes

Levels and vault maps discovered:
D:1:      amcnicky_arrival_feature_with_door, layout_rooms, serial_shops,
          nicolae_shop_gibbet_a_chance
D:2:      layout_loops_corners
D:3:      layout_loops_cross, minitemple, uniq_natasha, uniq_terence
D:4:      layout_gridville, lemuel_doored_altar, uniq_grinder
D:5:      layout_gridville, slow_altar_1,
          mainiacjoe_overflow_concentric_impassable, serial_park_tiny_pond,
          uniq_crazy_yiuf_cottage
D:6:      layout_cave_pools, minmay_temple_entry_glassed_door, minivault_19
D:7:      layout_cave_pools, uniq_menkaure
D:8:      layout_loops_corners, nicolae_custom_books,
          nicolae_shop_i_like_small_books_too, lightli_orcish_oven
D:9:      layout_rooms, nicolae_overflow_hidden_temple, lair_entry_dummy,
          orc_0_dummy, uniq_jeremiah, uniq_maurice
D:10:     layout_loops_cross, nemelex_spade_bored_becter, amcnicky_altar_gilded,
          grunt_ministairs_14, minivault_15, guppyfry_shop_venom
D:11:     layout_gridville, ebering_ghost_rock_garden, roadster_trireme
Temple:   grunt_temple_mini_profane
Lair:1:   layout_chaotic_city, grunt_megastairs_2, lemuel_fruit_fields
Orc:1:    layout_diamond_mine, portal_ice_cave_entry_pillars_1, uniq_sonja
Orc:2:    st_orc_mages, layout_caves, ebering_ghost_rock_garden, special_room,
          serial_shops, nicolae_diamond_shop, nicolae_shop_hallway_plus,
          mines5_lemuel

Skill      XL: |  1  2  3  4  5  6  7  8  9 10 11 |
---------------+----------------------------------+-----
Spellcasting   | 1 2 3 4 6 |  6.8
Dodging        | 2 3 |  3.9
Ranged Weapons | 1 2 3 4 |  4.7
Evocations     | 1 2 |  2.0
Armour         | 1 2 3 |  3.0
Earth Magic    | 1 2 4 5 |  5.0
Conjurations   | 1 2 3 4 5 7 |  7.0
Axes           | 1 2 |  2.6
Shields        | 2 3 5 6 |  6.1
Fighting       | 4 5 |  5.0
Fire Magic     | 2 |  2.9
Air Magic      | 1 3 |  3.9
Alchemy        | 3 5 |  5.0
Translocations | 3 4 |  4.8
Maces & Flails | |  2.0
Stealth        | |  6.0

Action                     |  1- 3 |  4- 6 |  7- 9 | 10-12 || total
---------------------------+-------+-------+-------+-------++-------
  Melee: Mace              |    16 |       |       |       ||    16
         Rapier            |    48 |   101 |       |       ||   149
         Hand axe          |       |   138 |   168 |       ||   306
         Quarterstaff      |       |       |    78 |   138 ||   216
         Dagger            |       |       |     1 |       ||     1
         Sling             |       |       |     1 |       ||     1
         Whip              |       |       |       |    81 ||    81
   Fire: Sling             |       |    78 |   174 |    91 ||   343
         Orcbow            |       |       |       |   145 ||   145
  Throw: Dart              |       |       |       |     2 ||     2
   Cast: Mephitic Cloud    |       |       |       |    44 ||    44
         Iskenderun's Myst |       |       |       |     6 ||     6
         Stone Arrow       |       |       |       |     1 ||     1
Ability: Shaft Self        |       |     1 |     1 |     1 ||     3
         Dig               |       |       |     2 |     2 ||     4
  Evoke: Wand              |       |       |    10 |    10 ||    20
    Use: Scroll            |       |     6 |     8 |     2 ||    16
         Potion            |       |       |     4 |     6 ||    10
   Stab: Sleeping          |     6 |     3 |     1 |     1 ||    11
         Distracted        |       |     1 |       |       ||     1
         Paralysed         |       |       |     4 |     3 ||     7
         Petrified         |       |       |       |     9 ||     9
         Confused          |       |       |       |    16 ||    16
         Held in net/web   |       |       |       |     1 ||     1
 Armour: Leather armour    |    20 |   141 |   205 |    89 ||   455
         Steam dragon scal |       |       |       |    63 ||    63
  Dodge: Dodged            |    35 |   115 |   201 |   200 ||   551
  Block: Other             |     9 |    62 |    87 |    52 ||   210
         Reflection        |       |     2 |     1 |     3 ||     6

Table legend: (Time is in decaauts)
 A = Elapsed time spent in this place.
 B = Non-inter-level travel time spent in this place.
 C = Inter-level travel time spent in this place.
 D = Time resting spent in this place.
 E = Time spent auto-exploring this place.
 F = Levels seen in this place.
 G = Mean time per level.
                   A        B        C        D        E       F      G
               +--------+--------+--------+--------+--------+-----+--------+
         Total |  14916 |  14188 |    728 |   5060 |   4502 |  15 |  994.4 |
       Dungeon |  14772 |  14093 |    679 |   5060 |   4502 |  11 | 1342.9 |
        Temple |     50 |      1 |     49 |      0 |      0 |   1 |   50.0 |
          Lair |     18 |     18 |      0 |      0 |      0 |   1 |   18.0 |
  Orcish Mines |     74 |     74 |      0 |      0 |      0 |   2 |   37.0 |
               +--------+--------+--------+--------+--------+-----+--------+

Top non-repeatable levels by time:
     D:8: 3403 daAuts
     D:5: 2256 daAuts
     D:9: 1384 daAuts
     D:6: 1289 daAuts
     D:3: 1279 daAuts
    D:10: 1266 daAuts
     D:2: 1062 daAuts
     D:4: 879 daAuts
     D:7: 763 daAuts
     D:1: 759 daAuts
    D:11: 428 daAuts
   Orc:1: 69 daAuts
  Temple: 50 daAuts
  Lair:1: 18 daAuts
   Orc:2: 4 daAuts
